 Dungeon Crawl Stone Soup version 0.20.0-15-g7f486f2 (webtiles) character file.

11823 Naow the Arsonist (level 11, -13/61 HPs)
             Began as an Octopode Fire Elementalist on June 16, 2017.
             Was an Elder of Vehumet.
             Mangled by a manticore (26 damage)
             ... on level 11 of the Dungeon.
             The game lasted 00:30:13 (14514 turns).

Naow the Arsonist (Octopode Fire Elementalist)     Turns: 14514, Time: 00:30:14

Health: -13/61     AC:  1    Str:  7    XL:     11   Next: 83%
Magic:  17/25      EV: 13    Int: 22    God:    Vehumet [****..]
Gold:   526        SH:  0    Dex: 12    Spells: 12/30 levels left

rFire    . . .     SeeInvis .   y - +4 dagger of Suicidal Tendencies {freeze, rC+}
rCold    + . .     Gourm    .   (no shield)
rNeg     . . .     Faith    .   (helmet restricted)
rPois    .         Spirit   .   q - amulet of regeneration
rElec    .         Reflect  .   s - ring of protection from magic
rCorr    .         Harm     .   (no ring)
MR       +....                  (no ring)
Stlth    +++.......             (no ring)
Regen    0.6/turn               (no ring)
MPRegen  0.2/turn               (no ring)
                                (no ring)
                                (no ring)

@: no status effects
A: almost no armour, stealthy swim, amphibious, 8 rings, constrict 8, camouflage
1, gelatinous body 1
a: Renounce Religion


You were on level 11 of the Dungeon.
You worshipped Vehumet.
Vehumet was greatly pleased with you.
You were near starving.

You visited 2 branches of the dungeon, and saw 12 of its levels.

You collected 526 gold pieces.

Inventory:

Hand Weapons
 e - a +0 dagger
 y - the +4 dagger of Suicidal Tendencies (weapon) {freeze, rC+}
   (You found it on level 7 of the Dungeon)

   It has been specially enchanted to freeze those struck by it, causing extra
   injury to most foes and up to half again as much damage against particularly
   susceptible opponents.
   It can also slow down cold-blooded creatures.
   It protects you from cold.
 F - the cursed +0 war axe of Usofreud {flame, rElec rC+, unknown}
   (You took it off a wight on level 7 of the Dungeon)

   It has been specially enchanted to burn those struck by it, causing extra
   injury to most foes and up to half again as much damage against particularly
   susceptible opponents.
   Big, fiery blades are also staple armaments of hydra-hunters.
   It protects you from cold.
   It insulates you from electricity.
   It has a curse placed upon it.
Armour
 r - a +0 buckler
Jewellery
 q - an amulet of regeneration (around mantle)
 s - a ring of protection from magic (left tentacle)
 L - an uncursed amulet of rage {unknown}
 N - an uncursed ring of stealth {unknown}
Wands
 G - a wand of acid (5/15)
 H - a wand of disintegration (16/24)
 K - a wand of disintegration (17/24)
Scrolls
 c - 6 scrolls of remove curse {unknown}
 d - 2 scrolls of amnesia {unknown}
 i - 10 scrolls of identify {unknown}
 j - 3 scrolls of noise {unknown}
 k - 2 scrolls of recharging {unknown}
 l - 5 scrolls of fear {unknown}
 o - 3 scrolls of enchant armour {unknown}
 z - a scroll of blinking {unknown}
 A - 2 scrolls of teleportation {unknown}
 C - a scroll of magic mapping {unknown}
 D - a scroll of random uselessness {unknown}
 I - 4 scrolls of immolation {unknown}
 M - a scroll of summoning {unknown}
Potions
 f - 6 potions of curing
 h - 2 potions of brilliance {unknown}
 n - 3 potions of heal wounds {unknown}
 t - a potion of lignification {unknown}
 u - 2 potions of resistance {unknown}
 v - a potion of haste {unknown}
 w - a potion of might {unknown}
 x - a potion of berserk rage {unknown}
 B - 2 potions of invisibility {unknown}
 E - 4 potions of flight {unknown}
 J - 2 potions of cancellation {unknown}
 P - 2 potions of ambrosia {unknown}
Books
 a - a book of Flames

   Spells                             Type                      Level
   a - Flame Tongue                   Conjuration/Fire             1
   b - Throw Flame                    Conjuration/Fire             2
   c - Conjure Flame                  Conjuration/Fire             3
   d - Inner Flame                    Hexes/Fire                   3
   e - Sticky Flame                   Conjuration/Fire             4
   f - Fireball                       Conjuration/Fire             5
Comestibles
 b - 6 bread rations
 g - 9 meat rations
 m - 10 fruits
 p - 3 royal jellies


   Skills:
 - Level 2.0 Dodging
 - Level 2.6 Stealth
 + Level 10.0 Spellcasting
 + Level 10.8 Conjurations
 + Level 11.1 Fire Magic


You had 12 spell levels left.
You knew the following spells:

 Your Spells              Type           Power        Failure   Level  Hunger
a - Flame Tongue          Conj/Fire      #####        1%          1    None
b - Throw Flame           Conj/Fire      ######       1%          2    None
c - Conjure Flame         Conj/Fire      ######..     1%          3    None
d - Sticky Flame          Conj/Fire      ######..     1%          4    ##.....
e - Fireball              Conj/Fire      ######....   1%          5    ####...
f - Ignite Poison         Fire/Tmut/Pois ####....     1%          3    None


Dungeon Overview and Level Annotations

Branches:
Dungeon (11/15)            Temple (1/1) D:5            Lair (0/6) D:10
    Orc: D:9-12

Altars:
Ashenzari
Cheibriados
Dithmenos
Elyvilon
Gozag
Hepliaklqana
Kikubaaqudgha
Nemelex Xobeh
Okawaru
Qazlal
Ru
Sif Muna
Trog
Vehumet
Xom
Yredelemnul
Zin

Shops:
D:4 ?   D:10 *

Annotations:
D:3 Naow's ghost, amateur TrMo
D:8 1 runed door


Innate Abilities, Weirdness & Mutations

You cannot wear most types of armour.
You are very stealthy in the water. (Stealth+)
You are amphibious.
You can wear up to eight rings at the same time.
You can use your tentacles to constrict eight enemies at once.
Your skin changes colour to match your surroundings (Stealth+).
Your rubbery body absorbs attacks. (AC +1, EV +1)


Message History

Casting: Flame Tongue
Confirm with . or Enter, or press ? or * to list all spells.
Aiming: Flame Tongue
Press: ? - help, Shift-Dir - straight line, f/p - manticore
Aim: a manticore (lightly wounded)
The flame tongue hits the manticore.
The manticore appears unharmed.
The manticore is lightly wounded.
Casting: Flame Tongue
Confirm with . or Enter, or press ? or * to list all spells.
Aiming: Sticky Flame
Press: ? - help, Shift-Dir - straight line, f/p - manticore
Aim: a manticore (lightly wounded)
The sticky flame hits the manticore.
The manticore is moderately wounded.
The manticore is covered in liquid flames!
The manticore burns!
The manticore bites you!! The manticore closely misses you.
The manticore claws you!
* * * LOW HITPOINT WARNING * * *
The manticore burns!
The manticore bites you!!
You die...

## #)
#.#####<#
#####.#.....#
#.....#@###
#.....H<..+
#.....#####
.......
#######


You could see a manticore (burning).

Vanquished Creatures
  The ghost of Glitchraptor the Thaumaturge, a novice DEEE of Vehumet (D:8)
  The ghost of Dwachs the Covert, a novice SpEn of Yredelemnul (D:9)
  Pikel (D:6)
  An ugly thing (D:10)
  A manticore (D:10)
  A gargoyle (D:11)
  A troll (D:10)
  Grinder (D:5)
  A hornet (D:4)
  4 slime creatures (D:10)
  A hippogriff (D:8)
  A yak (D:10)
  A hungry ghost (D:7)
  2 porcupines (D:10)
  A water moccasin (D:9)
  4 orc warriors
  A black bear (D:10)
  4 sky beasts
  3 ice beasts
  A slave (D:5)
  8 ogres
  2 phantoms
  5 centaurs
  A big kobold (D:10)
  4 bullfrogs
  A wyvern skeleton (D:9)
  3 scorpions
  48 killer bees
  10 wights (D:7)
  5 howler monkeys
  2 centaur zombies
  5 crimson imps
  A bullfrog zombie (D:7)
  4 hounds
  A jelly (D:9)
  4 orc priests
  2 gnoll shamans
  A centaur skeleton (D:8)
  Crazy Yiuf (D:2)
  9 orc wizards
  A bullfrog skeleton (D:10)
  Jessica (D:2)
  5 iguanas
  3 worker ants
  A hound skeleton (D:8)
  Robin (D:2)
  A howler monkey zombie (D:9)
  3 worker ant zombies
  15 adders
  10 gnolls
  7 river rats (D:7)
  2 oozes
  An adder skeleton (D:6)
  5 worms
  3 dart slugs (D:1)
  A leopard gecko (D:7)
  33 orcs
  8 bats
  2 giant cockroaches
  12 goblins
  7 hobgoblins
  7 jackals
  5 quokkas
  A ball python (D:2)
  A ball python skeleton (D:4)
  5 frilled lizards
  7 kobolds
  A leopard gecko zombie (D:8)
  21 rats
319 creatures vanquished.

Vanquished Creatures (others)
  An orc wizard (D:6)
  A worker ant (D:6)
  2 orcs (D:6)
  3 fungi (D:10)
  A plant (D:10)
8 creatures vanquished.

Grand Total: 327 creatures vanquished

Notes
Turn   | Place    | Note
-------+----------+-------------------------------------------
     0 | D:1      | Naow the Octopode Fire Elementalist began the quest for the Orb.
     0 | D:1      | Reached XP level 1. HP: 11/11 MP: 3/3
   348 | D:1      | Reached XP level 2. HP: 11/17 MP: 1/5
  1092 | D:1      | Reached XP level 3. HP: 21/21 MP: 3/6
  1643 | D:2      | Found a stormy altar of Qazlal.
  1906 | D:2      | Found a white marble altar of Elyvilon.
  1913 | D:2      | Noticed Jessica
  1918 | D:2      | Killed Jessica
  1918 | D:2      | Reached XP level 4. HP: 22/27 MP: 1/8
  2189 | D:2      | Noticed Robin
  2203 | D:2      | Killed Robin
  2881 | D:2      | Found a runed door.
  2888 | D:2      | Learned a level 2 spell: Throw Flame
  2892 | D:2      | Learned a level 3 spell: Conjure Flame
  2895 | D:2      | Noticed Crazy Yiuf
  2906 | D:2      | Killed Crazy Yiuf
  2906 | D:2      | Reached skill level 4 in Fire Magic
  2906 | D:2      | Reached XP level 5. HP: 31/31 MP: 0/9
  3328 | D:3      | Found a shattered altar of Ashenzari.
  3382 | D:3      | Noticed Naow's ghost (amateur TrMo)
  3576 | D:3      | Found a faded altar of an unknown god.
  3724 | D:3      | Found a glowing silver altar of Zin.
  3910 | D:4      | Noticed an ogre
  4003 | D:4      | Noticed a hornet
  4023 | D:4      | Killed an ogre
  4023 | D:4      | Reached XP level 6. HP: 36/36 MP: 0/11
  4029 | D:4      | Learned a level 4 spell: Sticky Flame
  4049 | D:4      | Killed a hornet
  4049 | D:4      | Reached skill level 5 in Fire Magic
  4049 | D:4      | Reached XP level 7. HP: 20/41 MP: 1/13
  4726 | D:4      | Found a shimmering altar of Xom.
  4777 | D:4      | Found a deep blue altar of Sif Muna.
  4830 | D:4      | Found Pumeirom's Magic Scroll Shoppe.
  4960 | D:5      | Entered Level 5 of the Dungeon
  5060 | D:5      | Learned a level 5 spell: Fireball
  5098 | D:5      | Reached skill level 5 in Conjurations
  5235 | D:5      | Noticed Grinder
  5247 | D:5      | Killed Grinder
  5247 | D:5      | Reached skill level 5 in Spellcasting
  5247 | D:5      | Reached XP level 8. HP: 46/46 MP: 7/15
  5443 | D:5      | Reached skill level 6 in Fire Magic
  5634 | D:5      | Found a staircase to the Ecumenical Temple.
  5686 | Temple   | Entered the Ecumenical Temple
  5766 | Temple   | Became a worshipper of Vehumet
  5912 | D:5      | Noticed a moth of wrath
  5915 | D:5      | Found a bloodstained altar of Trog.
  6363 | D:6      | Noticed Pikel
  6785 | D:6      | Killed Pikel
  6785 | D:6      | Reached skill level 7 in Fire Magic
  6785 | D:6      | Reached XP level 9. HP: 51/51 MP: 7/18
  6970 | D:6      | Found a shattered altar of Ashenzari.
  7254 | D:7      | Got an ancient dagger
  7255 | D:7      | Identified the +4 dagger of Suicidal Tendencies {freeze, rC+} (You found it on level 7 of the Dungeon)
  7280 | D:7      | Reached * piety under Vehumet
  7280 | D:7      | Offered knowledge of Shock by Vehumet.
  7828 | D:7      | Reached skill level 8 in Fire Magic
  8447 | D:7      | Reached ** piety under Vehumet
  8447 | D:7      | Offered knowledge of Freeze by Vehumet.
  8939 | D:7      | Got a twisted war axe {flame}
  9028 | D:8      | Noticed Glitchraptor's ghost (novice DEEE)
  9032 | D:7      | Reached XP level 10. HP: 43/56 MP: 13/21
  9492 | D:8      | Offered knowledge of Dazzling Spray by Vehumet.
  9691 | D:8      | Found an ancient bone altar of Kikubaaqudgha.
  9715 | D:8      | Killed Glitchraptor's ghost
  9715 | D:8      | Reached skill level 9 in Fire Magic
  9932 | D:8      | Reached *** piety under Vehumet
 10037 | D:8      | Found a glowing silver altar of Zin.
 10037 | D:8      | Found a runed door.
 10037 | D:8      | Noticed an angel
 10232 | D:9      | Found a hazy altar of Hepliaklqana.
 10937 | D:9      | Offered knowledge of Ignite Poison by Vehumet.
 10949 | D:9      | Learned a level 3 spell: Ignite Poison
 11285 | D:8      | Reached skill level 10 in Fire Magic
 11285 | D:8      | Reached XP level 11. HP: 14/61 MP: 2/23
 11646 | D:9      | Noticed Dwachs's ghost (novice SpEn)
 11656 | D:9      | Killed Dwachs's ghost
 11877 | D:9      | Reached **** piety under Vehumet
 11905 | D:9      | Offered knowledge of Lee's Rapid Deconstruction by Vehumet.
 11960 | D:9      | Reached skill level 10 in Conjurations
 12703 | D:10     | Entered Level 10 of the Dungeon
 12873 | D:10     | Found Icsah's Assorted Antiques.
 13019 | D:10     | Noticed a green ugly thing
 13027 | D:10     | Killed a green ugly thing
 13593 | D:10     | Found a staircase to the Lair.
 13887 | D:10     | Noticed a manticore
 13893 | D:10     | Killed a manticore
 14116 | D:10     | HP: 2/61 [large slime creature (29)]
 14144 | D:10     | Reached skill level 11 in Fire Magic
 14362 | D:11     | Reached skill level 10 in Spellcasting
 14511 | D:11     | Noticed a manticore
 14514 | D:11     | Mangled by a manticore

Skill      XL: |  1  2  3  4  5  6  7  8  9 10 11 |
---------------+----------------------------------+-----
Conjurations   | 2 3 4 5 6 8 9 10 | 10.8
Spellcasting   | 3 4 5 6 7 8 10 | 10.0
Fire Magic     | 4 5 7 8 10 11 | 11.1
Dodging        | |  2.0
Stealth        | |  2.6

Action                   |  1- 3 |  4- 6 |  7- 9 | 10-12 || total
-------------------------+-------+-------+-------+-------++-------
Melee: Unarmed           |     5 |       |       |       ||     5
       Constrict         |     5 |     5 |    13 |     1 ||    24
       Dagger            |    13 |    19 |    43 |    12 ||    87
       Tentacles         |     1 |     3 |     6 |     3 ||    13
 Cast: Flame Tongue      |    53 |    77 |   254 |   356 ||   740
       Conjure Flame     |       |     3 |     3 |    11 ||    17
       Throw Flame       |       |     2 |    28 |    71 ||   101
       Sticky Flame      |       |       |    13 |    45 ||    58
       Fireball          |       |       |       |    14 ||    14
  Use: Potion            |     1 |       |       |     1 ||     2
 Stab: Sleeping          |       |       |     1 |     2 ||     3
  Eat: Chunk             |     3 |     7 |    19 |    20 ||    49
Armor: Skin              |     3 |     1 |     6 |     5 ||    15
Dodge: Dodged            |    18 |    32 |   109 |   131 ||   290
